 Dungeon Crawl Stone Soup version 0.31.0-12-g77e489cdc1 (webtiles) character file.

Game seed: 2234312195941382443

712 Killerpretzel the Changeling (level 7, -2/46 HPs)
             Began as an Octopode Shapeshifter on Mar 2, 2024.
             Splashed by a jelly's acid (3 damage)
             ... on level 5 of the Dungeon.
             The game lasted 00:06:43 (4310 turns).

Killerpretzel the Changeling (OpSh)                 Turns: 4310, Time: 00:06:44

Health: -2/46      AC: -15   Str: 14    XL:     7   Next: 68%
Magic:  7/7        EV: 15    Int: 12    God:
Gold:   356        SH:  0    Dex: 19    Spells: 4/6 levels left

rFire   . .          .
                       - Unarmed
rCold   . . .        (no shield)
rNeg    . . .        (helmet currently unavailable)
rPois   .            (no amulet)
rElec   .            m - +6 ring of dexterity
rCorr   .            (no ring)
SInv    .            (no ring)
Will    .....        (no ring)
Stlth   +++          (no ring)
HPRegen 0.27/turn    (no ring)
MPRegen 0.10/turn    (no ring)
                     (no ring)

%: no passive effects
@: beast-form, corroded
A: beast (slay +3), almost no armour, amphibious, 8 rings, camouflage 1,
gelatinous body 1, (nimble swimmer 1), tentacles
a: Begin Untransformation


You were on level 5 of the Dungeon.
You were a hulking beast.
You visited 1 branch of the dungeon, and saw 6 of its levels.

You collected 356 gold pieces.

Inventory:

Jewellery
 m - a +6 ring of dexterity (left tentacle)
Talismans
 b - a beast talisman
 c - a flux talisman
Wands
 n - a wand of iceblast (12)
Scrolls
 e - a scroll of blinking
 j - a scroll of revelation
 l - a scroll of vulnerability
 o - 4 scrolls of teleportation
Potions
 a - 5 potions of lignification
 d - 3 potions of heal wounds
 f - a potion of resistance
 g - 2 potions of curing
 h - a potion of haste {unknown}
 i - a potion of enlightenment {unknown}
 k - 3 potions of attraction {unknown}


   Skills:
 + Level 3.6 Fighting
 + Level 4.0 Dodging
 + Level 4.6 Unarmed Combat
 + Level 0.8 Translocations
 * Level 5.5 Shapeshifting


You had 4 spell levels left.
You knew the following spells:

 Your Spells              Type           Power      Damage    Failure   Level
a - Blink                 Tloc           2%         N/A       36%         2

Your spell library contained the following spells:

 Spells                   Type           Power      Damage    Failure   Level
 Apportation              Tloc           2%         N/A       24%         1
 Freeze                   Ice            0%         1d3       32%         1
 Necrotise                Necr           0%         1d4       32%         1
 Sting                    Conj/Alch      0%         1d3       32%         1
 Summon Small Mammal      Summ           0%         N/A       32%         1
 Lesser Beckoning         Tloc           2%         N/A       36%         2
 Momentum Strike          Conj/Tloc      0%         3d8       41%         2
 Frozen Ramparts          Ice            0%         1d1       69%         3
 Hailstorm                Conj/Ice       0%         3d5       69%         3


Dungeon Overview and Level Annotations

Branches:
Dungeon (6/15)
 Temple: D:4-7

Altars:
Hepliaklqana
Wu Jian

Shops:
D:4 [


Innate Abilities, Weirdness & Mutations

You are a hulking beast.
Your limbs bulge with bestial killing power. (Slay +3)
You cannot wear most types of armour.
You are amphibious.
You can wear up to eight rings at the same time.
Your skin changes colour to match your surroundings (Stealth+).
Your rubbery body absorbs attacks. (AC +1, EV +1)
((You are camouflaged when in or above water. (Stealth+)))
You have tentacles for arms and can constrict up to eight enemies at once.


Message History

You climb downwards.
There is a stone staircase leading up here.
The jelly quivers.
You tentacle-slap the jelly.
Your tentacles burn!
The jelly is lightly wounded.
The jelly hits you. The acid corrodes you!
You are splashed with acid!
You tentacle-slap the jelly.
Your tentacles burn!
The jelly is moderately wounded.
The jelly hits you. The acid corrodes you!
You are splashed with acid!
You tentacle-slap the jelly but do no damage.
The acid corrodes you!
Your tentacles burn!
The jelly is moderately wounded.
The jelly completely misses you.
The gnoll hits you from afar with a +0 halberd!
* * * LOW HITPOINT WARNING * * *
You climb upwards.
There is a stone staircase leading down here.
You feel much better. The jelly hits you. The acid corrodes you!
You are splashed with acid!
You tentacle-slap the jelly. The acid corrodes you!
Your tentacles burn!
The jelly is severely wounded.
The jelly barely misses you.
You tentacle-slap the jelly.
Your tentacles burn!
The jelly is severely wounded.
The jelly barely misses you.
You tentacle-slap the jelly but do no damage.
Your tentacles burn!
You squeeze the jelly.
The jelly is severely wounded.
The jelly hits you.
* * * LOW HITPOINT WARNING * * *
The acid corrodes you!
You are splashed with acid.
* * * LOW HITPOINT WARNING * * *
You tentacle-slap the jelly but do no damage.
Your tentacles burn!
* * * LOW HITPOINT WARNING * * *
The jelly is severely wounded.
The jelly barely misses you.
You tentacle-slap the jelly but do no damage.
The acid corrodes you!
Your tentacles burn!
You die...

#....#..##...####.........
#######..##...###.........
#...<...............
##........##..#####.
#..##...###...# #.
#.##....# ##..# ##
#.......# ##.## #
#..J.##.## #..# #.h####..#
##.## #### #..# ##.## ##.#
##.# #..## #..# ##.##
##.... ##.## #...####.....
##...#####....##...###
##.....##...†#.....###.
#...##......##....####.
#...####...####.....#..


You could see a jelly.

Vanquished Creatures
  2 black bears (D:4)
  2 bombardier beetles
  An orc priest (D:4)
  3 hounds
  Ijyb (D:4)
  An iguana (D:4)
  An orc wizard (D:4)
  8 gnolls
  7 adders
  2 ufetubi (D:5)
  5 ribbon worms
  2 dart slugs
  12 orcs
  9 endoplasms
  2 giant cockroaches (D:1)
  8 goblins
  8 hobgoblins
  5 jackals (D:2)
  5 quokkas
  7 ball pythons
  4 bats
  3 frilled lizards
  8 kobolds
  6 rats
112 creatures vanquished.

Notes
Turn   | Place    | Note
-------+----------+-------------------------------------------
     0 | D:1      | Killerpretzel the Octopode Shapeshifter began the quest for
                  | the Orb.
     0 | D:1      | Reached XP level 1. HP: 13/13 MP: 1/1
    99 | D:1      | Reached XP level 2. HP: 18/18 MP: 2/2
   348 | D:1      | Found a faded altar of an unknown god.
   467 | D:2      | Reached XP level 3. HP: 23/23 MP: 3/3
   783 | D:2      | Reached XP level 4. HP: 29/29 MP: 4/4
  1353 | D:3      | Reached skill level 4 in Shapeshifting
  1581 | D:4      | Reached XP level 5. HP: 34/34 MP: 5/5
  1677 | D:4      | Found Alymer's Armour Boutique.
  1710 | D:4      | Noticed a black bear
  1715 | D:4      | HP: 1/34 [black bear (3)]
  1716 | D:4      | Killed a black bear
  1938 | D:4      | Reached XP level 6. HP: 41/41 MP: 6/6
  2079 | D:4      | Noticed a black bear
  2089 | D:4      | Killed a black bear
  2190 | D:4      | Reached skill level 5 in Shapeshifting
  2353 | D:4      | Reached XP level 7. HP: 43/46 MP: 7/7
  2391 | D:4      | Noticed Ijyb
  2398 | D:4      | Killed Ijyb
  2558 | D:4      | Found an ornate altar of the Wu Jian Council.
  2603 | D:5      | Entered Level 5 of the Dungeon
  3104 | D:5      | Learned a level 2 spell: Blink
  3572 | D:5      | Found a hazy altar of Hepliaklqana.
  4309 | D:5      | HP: 1/46 [acid (5)]
  4310 | D:5      | Splashed by a jelly's acid

Illustrated notes

Levels and vault maps discovered:
D:1:      lightli_arrival_statue_moat, layout_rooms,
          hellmonk_ecumenical_altar_defaced_shrine
D:2:      layout_rooms
D:3:      layout_rooms
D:4:      layout_basic, pdpol_wu_jian_five_deadly_venoms, serial_shops, shop,
          grunt_ministairs_14, kennysheep_generic_room_2, uniq_ijyb
D:5:      layout_layer_cave, mainiacjoe_overflow_alcove_4
D:6:      layout_rooms, nicolae_gozag_seed_capital, minivault_10,
          grunt_ministairs_9, dreamdust_gnoll_farm

Skill      XL: |  1  2  3  4  5  6  7 |
---------------+----------------------+-----
Fighting       | 2 3 |  3.6
Shapeshifting  | 4 5 |  5.5
Dodging        | 3 4 |  4.0
Unarmed Combat | 4 |  4.6
Translocations | |  0.8

Action                     |  1- 3 |  4- 6 |  7- 9 || total
---------------------------+-------+-------+-------++-------
  Melee: Unarmed           |    77 |    97 |    68 ||   242
         Constrict         |    21 |    23 |    24 ||    68
         Tentacles         |    21 |    25 |    16 ||    62
         Punch             |     1 |     2 |     5 ||     8
    Use: Scroll            |     3 |     4 |     1 ||     8
         Potion            |       |       |     1 ||     1
   Stab: Sleeping          |     3 |     7 |     4 ||    14
         Distracted        |       |     2 |       ||     2
 Armour: Skin              |    22 |    41 |    34 ||    97
  Dodge: Dodged            |    43 |    43 |    50 ||   136
